 Dungeon Crawl Stone Soup version 0.22-a0-305-gd21a89c (webtiles) character file.

2 pikmin25 the Sneak (level 1, -2/10 HPs)
             Began as a Spriggan Assassin on Mar 30, 2018.
             Killed from afar by a dart slug (4 damage)
             ... with a slug dart
             ... on level 1 of the Dungeon.
             The game lasted 00:01:26 (84 turns).

pikmin25 the Sneak (Spriggan Assassin)                Turns: 84, Time: 00:01:27

Health: -2/10      AC:  3    Str:  7    XL:     1   Next: 33%
Magic:  2/2        EV: 17    Int: 12    God:
Gold:   13         SH:  0    Dex: 17    Spells: 0/0 levels left

rFire    . . .     SeeInvis +   b - +0 blowgun
rCold    . . .     Gourm    .   (shield restricted)
rNeg     . . .     Faith    .   c - +0 robe
rPois    .         Spirit   .   (helmet restricted)
rElec    .         Reflect  .   d - +0 cloak
rCorr    .         Harm     .   (gloves unavailable)
MR       .....                  (boots unavailable)
Stlth    +++.......             (no amulet)
HPRegen  0.03/turn              (no ring)
MPRegen  0.08/turn              (no ring)

@: very quick
A: very small, unfitting armour, see invisible, herbivore, speed 3, slow
metabolism 2
a: no special abilities


You were on level 1 of the Dungeon.
You were not hungry.

You visited 1 branch of the dungeon, and saw 1 of its levels.

You collected 13 gold pieces.

Inventory:

Hand Weapons
 a - a +2 dagger
 b - a +0 blowgun (weapon)
Missiles
 e - 5 poisoned needles (quivered)
 f - 2 curare-tipped needles
 h - 19 bolts
Armour
 c - a +0 robe (worn)
 d - a +0 cloak (worn)
Comestibles
 g - 2 rations


   Skills:
 + Level 1.6 Fighting
 * Level 2.2 Short Blades
 - Level 2.0 Throwing
 + Level 1.6 Dodging
 * Level 5.9 Stealth


You couldn't memorise any spells.
You didn't know any spells.

Dungeon Overview and Level Annotations

Branches:
Dungeon (1/15)

Altars:


Innate Abilities, Weirdness & Mutations

You are very small and have problems with some larger weapons.
You are too small for most types of armour.
You have supernaturally acute eyesight. (SInv)
You are a herbivore.
You cover ground extremely quickly.
You need to consume almost no food.


Message History

You shoot a poisoned needle. The poisoned needle hits the hobgoblin.
The hobgoblin is poisoned.
The hobgoblin shouts! x2
Firing (i - inventory. (/) - cycle)
e - 7 poisoned needles (quivered)
Press: ? - help, Shift-Dir - straight line, f - hobgoblin, p - hobgoblin
Aim: a hobgoblin You shoot a poisoned needle.
The poisoned needle completely misses the dart slug.
The poisoned needle hits the hobgoblin.
The hobgoblin is poisoned.
The dart slug launches a dart at you. The slug dart hits you!
* * * LOW HITPOINT WARNING * * *
Firing (i - inventory. (/) - cycle)
e - 6 poisoned needles (quivered)
Press: ? - help, Shift-Dir - straight line, f - dart slug, p - hobgoblin
Aim: a dart slug You shoot a poisoned needle.
The poisoned needle hits the dart slug.
The dart slug is poisoned.
The dart slug launches a dart at you. The slug dart hits you!
You die...

.#'###+#.......#
........(............. ..
..)...........##.#... .).
........(...........# .(..
..............##.#..##....
......[.......##........(.
......................(...
.....................w....
.####...(.......@.[g.g...#
.#.....................(.#
...##....................+
#..##....................#
######................##.#
##.....########### .
#######


You could see a dart slug and 2 hobgoblins.

Vanquished Creatures
  2 hobgoblins (D:1)
2 creatures vanquished.

Notes
Turn   | Place    | Note
-------+----------+-------------------------------------------
     0 | D:1      | pikmin25 the Spriggan Assassin began the quest for the Orb.
     0 | D:1      | Reached XP level 1. HP: 10/10 MP: 2/2
    84 | D:1      | Killed from afar by a dart slug

Vault maps used:
D:1:      tarquinn_simple_flora_water_d, serial_bayou_pond_b, minmay_liquid_box,
          dk_noncrumbling_2, minmay_rat_gold_closets

Action                   || total
-------------------------++-------
Melee: Dagger            ||    13
 Fire: Blowgun           ||     3
Dodge: Dodged            ||     8

Table legend:
 A = Spawn XP
 B = Non-spawn XP
 C = Spawn XP percentage of total XP
 D = Spawn monster count
 E = Non-spawn monster count
 F = Spawn count percentage of total count
 G = Total turns spent on level
                    A         B        C        D         E        F      G
               +---------+---------+-------+---------+---------+-------+---------
         Total |       0 |       4 |   0.0 |       0 |       2 |   0.0 |    84
               +---------+---------+-------+---------+---------+-------+---------
           D:1 |       0 |       4 |   0.0 |       0 |       2 |   0.0 |    84
               +---------+---------+-------+---------+---------+-------+---------
